Map: Orbital Shipyard

Players

Nerchio

  • Race: Zerg Zerg
  • League: Grandmaster

Lilbow - Winner!

  • Race: Protoss Protoss

Event: DreamHack ROCCAT LotV Championship

VOD

Have the link to the VOD?

Description

Time

  • Played on: Nov. 26, 2015, 11:14 a.m.
  • Length: 7:26

All games in this series

Show
View Real Time Build Order
Export as new Build Order

Nerchio Zerg 

Build Orders: Hatch First 

Get SALT Encoding   

  12  0:01  Drone  
  13  0:12  Overlord  
  13  0:17  Drone  
  14  0:30  Drone x2  
  14  0:34  Drone  
  17  0:52  Hatchery  
  17  0:55  Drone  
  17  0:59  Drone  
  18  1:12  Spawning Pool  
  18  1:15  Drone  
  18  1:19  Drone  
  19  1:29  Drone  
  20  1:41  Hatchery  
  19  1:49  Drone  
  20  1:59  Queen  
  22  2:02  Extractor  
  22  2:04  Queen  
  22  2:06  Zergling x2  
  24  2:09  Drone  
  24  2:12  Drone  
  24  2:15  Drone  
  27  2:22  Overlord  
  27  2:25  Drone  
  28  2:40  Drone x3  
  31  2:44  Drone  
  31  2:45  Queen  
  31  2:47  Drone  
  35  2:53  Overlord  
  35  2:56  Drone  
  36  2:59  Drone  
  36  3:04  Drone x2  
  39  3:08  Metabolic Boost  
  39  3:10  Drone  
  39  3:11  Drone  
  41  3:13  Drone  
  41  3:15  Drone  
  41  3:17  Drone  
  44  3:20  Drone  
  44  3:21  Drone  
  44  3:23  Drone  
  44  3:26  Drone  
  48  3:27  Extractor  
  48  3:29  Zergling x2  
  48  3:31  Overlord  
  48  3:35  Overlord  
  48  3:43  Drone x3  
  48  3:48  Drone, Extractor  
  50  3:49  Lair  
  50  3:51  Drone  
  50  3:52  Drone  
  50  3:55  Drone x2  
  54  3:58  Zergling x2  
  54  3:59  Zergling x2  
  54  4:02  Zergling x2  
  57  4:03  Zergling x2  
  57  4:04  Extractor  
  57  4:05  Zergling x2  
  58  4:11  Drone x3  
  58  4:17  Evolution Chamber  
  60  4:19  Drone x4  
  60  4:20  Drone  
  60  4:23  Drone  
  66  4:25  Overlord  
  66  4:27  Overlord  
  66  4:30  Overlord  
  65  4:35  Overlord  
  65  4:42  Zerg Melee Weapons Level 1  
  65  4:44  Drone x3  
  68  4:46  Drone  
  68  4:47  Drone x2  
  68  4:48  Drone  
  68  4:51  Drone, Hydralisk Den  
  72  4:53  Drone  
  72  4:54  Drone  
  72  4:58  Drone  
  75  5:02  Zergling x4  
  75  5:03  Extractor  
  75  5:04  Extractor  
  75  5:08  Zergling x2  
  75  5:09  Zergling x2  
  77  5:14  Zergling x2  
  77  5:15  Zergling x4  
  77  5:16  Drone  
  77  5:19  Overseer  
  79  5:23  Drone  
  79  5:24  Drone  
  79  5:25  Hydralisk x3, Muscular Augments  
  85  5:29  Hydralisk x2  
  85  5:35  Overlord  
  89  5:36  Spire  
  89  5:39  Overlord  
  87  5:44  Overlord x2  
  87  5:52  Drone x5  
  84  5:57  Drone x5  
  84  5:58  Drone  
  84  5:59  Drone  
  89  6:06  Pneumatized Carapace  
  89  6:08  Drone x3  
  92  6:13  Infestation Pit  
  92  6:15  Hydralisk  
  92  6:16  Hydralisk  
  95  6:19  Hydralisk  
  95  6:23  Hydralisk x2  
  95  6:25  Hydralisk  
  96  6:26  Hydralisk  
  96  6:29  Hydralisk  
  96  6:31  Hydralisk  
  105  6:34  Spine Crawler  
  105  6:35  Spine Crawler  
  105  6:38  Hydralisk  
  105  6:39  Hydralisk  
  107  6:40  Hydralisk  
  107  6:41  Hydralisk  
  107  6:46  Overlord  
  111  6:48  Overlord  
  74  7:20  Roach Warren  
Show
View Real Time Build Order
Export as new Build Order

Lilbow Protoss - Winner!

Build Orders: Nexus First 

Get SALT Encoding   

  12  0:01  Probe (Chrono Boost)  
  13  0:11  Probe (Chrono Boost)  
  14  0:17  Pylon  
  14  0:22  Probe (Chrono Boost)  
  15  0:36  Probe (Chrono Boost)  
  16  0:46  Probe (Chrono Boost)  
  18  0:57  Probe (Chrono Boost)  
  18  1:00  Nexus  
  18  1:07  Probe (Chrono Boost)  
  19  1:13  Gateway  
  19  1:18  Probe (Chrono Boost)  
  20  1:21  Assimilator  
  20  1:26  Assimilator  
  20  1:29  Probe (Chrono Boost)  
  21  1:36  Pylon  
  21  1:39  Probe (Chrono Boost)  
  22  1:50  Probe (Chrono Boost)  
  23  2:00  Cybernetics Core, Probe (Chrono Boost), Zealot  
  26  2:11  Probe (Chrono Boost)  
  26  2:13  Probe (Chrono Boost)  
  28  2:21  Probe (Chrono Boost)  
  29  2:23  Probe (Chrono Boost)  
  30  2:32  Probe (Chrono Boost)  
  30  2:34  Probe (Chrono Boost)  
  30  2:36  Adept, Robotics Facility  
  34  2:41  Warp Gate  
  34  2:43  Probe (Chrono Boost)  
  35  2:44  Probe (Chrono Boost)  
  36  2:54  Mothership Core (Chrono Boost)  
  36  2:55  Probe (Chrono Boost)  
  39  2:59  Pylon  
  39  3:03  Adept  
  41  3:06  Probe (Chrono Boost)  
  41  3:12  Probe (Chrono Boost)  
  43  3:16  Probe (Chrono Boost)  
  44  3:22  Probe (Chrono Boost)  
  44  3:25  Robotics Bay  
  44  3:26  Warp Prism  
  44  3:27  Probe (Chrono Boost)  
  48  3:33  Probe (Chrono Boost)  
  49  3:37  Probe (Chrono Boost)  
  50  3:43  Probe (Chrono Boost)  
  50  3:48  Probe (Chrono Boost)  
  52  3:51  Nexus  
  52  3:53  Pylon  
  52  3:54  Probe (Chrono Boost), Pylon  
  51  3:58  Probe (Chrono Boost)  
  51  4:00  Assimilator  
  51  4:02  Assimilator  
  52  4:04  Probe (Chrono Boost)  
  52  4:07  Disruptor  
  52  4:09  Probe (Chrono Boost)  
  54  4:12  Gravitic Drive (Chrono Boost)  
  54  4:15  Probe  
  58  4:20  Probe  
  59  4:27  Probe  
  60  4:32  Probe  
  60  4:33  Gateway  
  60  4:34  Gateway  
  60  4:38  Disruptor  
  61  4:39  Probe  
  61  4:41  Pylon  
  61  4:44  Probe  
  66  4:46  Stalker  
  66  4:51  Probe  
  69  4:56  Gateway x2  
  69  4:57  Probe  
  70  5:01  Probe  
  70  5:03  Probe  
  72  5:09  Gateway  
  72  5:11  Gateway, Observer  
  70  5:17  Probe  
  70  5:19  Probe x2  
  66  5:29  Gateway  
  66  5:30  Probe  
  66  5:31  Probe  
  68  5:36  Stalker x3  
  68  5:37  Probe  
  68  5:42  Probe  
  73  5:43  Probe  
  73  5:47  Probe  
  75  5:54  Probe  
  75  5:55  Probe  
  72  5:58  Probe  
  73  6:06  Probe  
  73  6:08  Adept x5  
  73  6:09  Adept x2  
  88  6:17  Pylon  
  88  6:18  Pylon  
  88  6:19  Pylon  
  88  6:34  Stalker x2  
  88  6:36  Stalker x2, Adept x3  
  88  6:39  Stalker  
  104  7:00  Sentry x2, Adept x3  
  112  7:02  Zealot x2  
  95  7:22  Adept x6  
  105  7:24  Adept  

Tags
 
Add a new tag
Caveats
  • Supply blocks, unpowered buildings, or Contaminate may cause inaccurate times.
  • Supply counts are checked every 10 seconds.